 Dungeon Crawl Stone Soup version 0.29-a0-6-ga859fcf985 (webtiles) character file.

Game seed: 4580580826296292888

399 Grim the Cudgeller (level 7, -3/52 HPs)
             Began as a Formicid Fighter on Jan 27, 2022.
             Was an Initiate of the Shining One.
             Slain by a gnoll (7 damage)
             ... on level 4 of the Dungeon.
             The game lasted 00:06:11 (5095 turns).

Grim the Cudgeller (Formicid Fighter)               Turns: 5095, Time: 00:06:11

Health: -3/52      AC:  6    Str: 21    XL:     7   Next: 10%
Magic:  7/7        EV:  9    Int:  9    God:    the Shining One [......]
Gold:   264        SH:  4    Dex: 10    Spells: 6/6 levels left

rFire   . . .      SeeInvis +   a - +0 flail
rCold   . . .      Faith    .   c - +0 buckler
rNeg    . . .      Spirit   .   b - +0 scale mail
rPois   +          Reflect  .   (helmet unavailable)
rElec   .          Harm     .   (no cloak)
rCorr   .          Rampage  .   (no gloves)
Will    .....                   (no boots)
Stlth   ..........              (no amulet)
HPRegen 0.17/turn               g - ring of poison resistance
MPRegen 0.10/turn               (no ring)

@: glowing
A: permanent stasis, dig shafts and tunnels, antennae 3, four strong arms
a: Dig, Shaft Self, Renounce Religion


You were on level 4 of the Dungeon.
You worshipped the Shining One.
The Shining One was noncommittal.
You visited 2 branches of the dungeon, and saw 5 of its levels.

You collected 264 gold pieces.

Inventory:

Hand Weapons
 a - a +0 flail (weapon)
Missiles
 h - 43 stones
 l - 2 javelins (quivered)
Armour
 b - a +0 scale mail (worn)
 c - a +0 buckler (worn)
 w - a +0 pair of boots
Jewellery
 g - a ring of poison resistance (left hand)
Wands
 q - a wand of flame (14)
Scrolls
 f - a scroll of teleportation {unknown}
 i - 3 scrolls of enchant armour {unknown}
 j - a scroll of immolation {unknown}
 k - 6 scrolls of identify {unknown}
 m - a scroll of vulnerability {unknown}
 n - a scroll of brand weapon {unknown}
 p - a scroll of magic mapping {unknown}
 s - a scroll of torment {unknown}
 t - a scroll of noise {unknown}
 v - a scroll of amnesia {unknown}
Potions
 d - 2 potions of might
 e - 2 potions of curing
 o - 2 potions of degeneration {unknown}
 r - a potion of ambrosia {unknown}
 u - 2 potions of cancellation {unknown}


   Skills:
 - Level 3.2 Fighting
 + Level 7.1 Maces & Flails
 - Level 3.2 Armour
 - Level 3.6 Shields


You had 6 spell levels left.
You didn't know any spells.
Your spell library contained the following spells:

 Spells                   Type           Power      Damage    Failure   Level
 Animate Skeleton         Necr           0%         N/A       80%         1
 Pain                     Necr           0%         1d4       80%         1
 Ignite Poison            Fire/Tmut/Pois 0%         N/A       99%         3
 Mephitic Cloud           Conj/Pois/Air  0%         N/A       99%         3
 Vampiric Draining        Necr           0%         2d6       99%         3
 Freezing Cloud           Conj/Ice/Air   0%         6-21      100%        5
 Chain Lightning          Conj/Air       0%         N/A       100%        9
 Fire Storm               Conj/Fire      0%         5d1       100%        9
 Shatter                  Erth           0%         3d5*      100%        9


Dungeon Overview and Level Annotations

Branches:
Dungeon (4/15)             Temple (1/1) D:4

Altars:
Ashenzari
Dithmenos
Elyvilon
Fedhas
Gozag
Hepliaklqana
Makhleb
Nemelex Xobeh
Trog
Uskayaw
Vehumet
Wu Jian
Xom
Yredelemnul
Zin
The Shining One

Shops:
D:2 *

Annotations:
D:3 2 runed translucent doors
D:4 1 runed translucent door, Crazy Yiuf


Innate Abilities, Weirdness & Mutations

You cannot be hasted, slowed, berserked, paralysed or teleported.
You can dig through walls and to a lower floor.
You have a pair of large antennae on your head. (SInv)
Your four strong arms can wield two-handed weapons with a shield.


Message History

The gnoll shaman hits you with a +0 whip.
You barely miss the gnoll shaman.
The gnoll shaman is severely wounded.
The gnoll closely misses you. The gnoll barely misses you.
The gnoll shaman closely misses you.
You barely miss the gnoll shaman.
The gnoll shaman is severely wounded.
The gnoll closely misses you.
The gnoll shaman hits you with a +0 whip.
The gnoll hits you from afar with a +0 halberd!
You sock the gnoll shaman!
You kill the gnoll shaman!
The Shining One accepts your kill.
The gnoll hits you from afar with a +0 halberd!
* * * LOW HITPOINT WARNING * * *
Your Maces & Flails skill increases to level 7!
Unknown command.
The gnoll hits you with a +0 halberd!
* * * LOW HITPOINT WARNING * * *
You block the gnoll's attack.
Things that are here:
a +0 whip; a +0 leather armour; a gnoll corpse You hit the gnoll but do no damage.
The gnoll is severely wounded.
The gnoll barely misses you.
You closely miss the gnoll.
The gnoll is severely wounded.
The gnoll barely misses you. The gnoll hits you with a +0 halberd!
* * * LOW HITPOINT WARNING * * *
You hit the gnoll but do no damage.
The gnoll is severely wounded.
The gnoll completely misses you. The gnoll hits you but does no damage.
You barely miss the gnoll.
The gnoll is severely wounded.
The gnoll hits you but does no damage.
It was a potion of curing.
You feel better. The gnoll hits you with a +0 halberd!
* * * LOW HITPOINT WARNING * * *
The gnoll hits you with a +0 halberd!
You die...

### ### #####
#.#######.....
....#
#.....@ggg....
....#
#...######....
....# #...# #
....# ##..#
...## #..# ...
.### #..# ...
..## #..# ....
#..# #..# ...#
#..## #..#
#...


You could see 3 gnolls.

Vanquished Creatures
  A necrophage (D:4)
  A phantom (D:4)
  A gnoll shaman (D:4)
  Ijyb (D:2)
  5 gnolls
  5 adders
  2 adder skeletons (D:4)
  3 worms
  3 dart slugs
  7 bats
  8 endoplasms
  4 giant cockroaches
  3 goblins
  5 hobgoblins
  2 quokkas
  7 ball pythons
  5 frilled lizards
  5 kobolds
  A quokka skeleton (D:4)
  7 rats
76 creatures vanquished.

Vanquished Creatures (others)
  5 fungi (D:3)
  4 toadstools (D:3)
9 creatures vanquished.

Grand Total: 85 creatures vanquished

Notes
Turn   | Place    | Note
-------+----------+-------------------------------------------
     0 | D:1      | Grim the Formicid Fighter began the quest for the Orb.
     0 | D:1      | Reached XP level 1. HP: 18/18 MP: 1/1
    39 | D:1      | Reached XP level 2. HP: 22/24 MP: 2/2
   140 | D:1      | Reached skill level 3 in Maces & Flails
   513 | D:1      | Reached XP level 3. HP: 13/29 MP: 3/3
  1525 | D:2      | Reached skill level 4 in Maces & Flails
  1525 | D:2      | Reached XP level 4. HP: 26/35 MP: 4/4
  2169 | D:2      | Found an ornate altar of the Wu Jian Council.
  2402 | D:2      | Found Mupneth's Assorted Antiques.
  2967 | D:3      | Found a faded altar of an unknown god.
  3009 | D:3      | Noticed Ijyb
  3080 | D:2      | Reached XP level 5. HP: 30/41 MP: 5/5
  3280 | D:2      | Reached skill level 5 in Maces & Flails
  3296 | D:2      | Killed Ijyb
  3760 | D:3      | Found a large runed translucent door.
  3828 | D:3      | Found a large runed translucent door.
  4109 | D:4      | Found a burning altar of Makhleb.
  4109 | D:4      | Noticed a green death
  4138 | D:4      | Found a staircase to the Ecumenical Temple.
  4143 | D:4      | Noticed a necrophage
  4155 | D:4      | Killed a necrophage
  4156 | D:4      | Reached skill level 6 in Maces & Flails
  4156 | D:4      | Reached XP level 6. HP: 46/47 MP: 6/6
  4161 | Temple   | Entered the Ecumenical Temple
  4363 | Temple   | Became a worshipper of the Shining One
  4477 | D:4      | Found a runed translucent door.
  4478 | D:4      | Noticed Crazy Yiuf
  4648 | D:4      | Reached XP level 7. HP: 15/52 MP: 7/7
  5090 | D:4      | Reached skill level 7 in Maces & Flails
  5095 | D:4      | Slain by a gnoll

Illustrated notes

Levels and vault maps discovered:
D:1:      dpeg_arrival_pond, layout_basic
D:2:      layout_loops_ring, serial_shops, nicolae_lakefront_shop, basic_altar
D:3:      layout_basic, jmf_multi_god_temple2, basic_ecumenical_altar,
          amcnicky_mini_corridor_feature, minmay_gold_behind_fungi, uniq_ijyb
D:4:      layout_cave_pods, makhleb_altar_promises_db,
          minmay_temple_entry_stoned_glass, corexii_item_surrounded_by_moat,
          kennysheep_dice, uniq_crazy_yiuf_cottage
Temple:   regret_index_temple_generic_petals

Skill      XL: |  1  2  3  4  5  6  7 |
---------------+----------------------+-----
Maces & Flails | 3 4 6 7 |  7.1
Fighting       | |  3.2
Armour         | |  3.2
Shields        | |  3.6

Action                   |  1- 3 |  4- 6 |  7- 9 || total
-------------------------+-------+-------+-------++-------
Melee: Flail             |    95 |   148 |    14 ||   257
Throw: Stone             |       |    41 |       ||    41
       Javelin           |       |     8 |       ||     8
  Use: Potion            |       |       |     1 ||     1
Armor: Scale mail        |    46 |    43 |     4 ||    93
Dodge: Dodged            |    40 |    62 |     9 ||   111
Block: Buckler           |    22 |    32 |     3 ||    57

Table legend: (Time is in decaauts)
 A = Elapsed time spent in this place.
 B = Non-inter-level travel time spent in this place.
 C = Inter-level travel time spent in this place.
 D = Time resting spent in this place.
 E = Time spent auto-exploring this place.
 F = Levels seen in this place.
 G = Mean time per level.
                   A        B        C        D        E       F      G
               +--------+--------+--------+--------+--------+-----+--------+
         Total |   5161 |   5064 |     97 |   1681 |   2596 |   5 | 1032.2 |
       Dungeon |   4918 |   4862 |     56 |   1681 |   2419 |   4 | 1229.5 |
        Temple |    243 |    202 |     41 |      0 |    177 |   1 |  243.0 |
               +--------+--------+--------+--------+--------+-----+--------+

Top non-repeatable levels by time:
     D:2: 1617 daAuts
     D:1: 1352 daAuts
     D:3: 1180 daAuts
     D:4: 767 daAuts
  Temple: 243 daAuts
